 Dungeon Crawl Stone Soup version 0.14.1-11-gf908b15 (webtiles) character file.

917 weines the Poker (level 7, -1/62 HPs)
             Began as a Naga Berserker on May 31, 2014.
             Was an Elder of Trog.
             Killed from afar by Natasha (3 damage)
             ... with a magic dart
             ... on Level 5 of the Dungeon.
             The game lasted 00:17:04 (4490 turns).

weines the Poker (Naga Berserker)                   Turns: 4490, Time: 00:17:05

HP  -1/62        AC  9     Str 22      XL: 7   Next: 68%
MP   7/7         EV  0     Int  7      God: Trog [****..]
Gold 208         SH 24     Dex 10      Spells:  0 memorised,  6 levels left

rFire  . . .     SeeInvis +     a - +1 spear
rCold  . . .     Clarity  .     e - +0 chain mail
rNeg   . . .     Conserve .     d - +1 large shield
rPois  +         rCorr    .     (no helmet)
rElec  .         rRot     .     t - +0 cloak
SustAb . .       Spirit   .     (no gloves)
rMut   .         Warding  .     (no barding)
Saprov . . .     Stasis   .     (no amulet)
MR     +....                    i - ring of protection from magic
                                n - ring of sustenance

@: very slightly contaminated, hasted, quick, somewhat resistant to hostile
enchantments, extremely unstealthy
A: spit poison, see invisible, deformed body, poison resistance, slowness 2, AC
+2
a: Spit Poison, Burn Spellbooks, Berserk, Trog's Hand, Brothers in Arms,
Renounce Religion


You were on level 5 of the Dungeon.
You worshipped Trog.
Trog was greatly pleased with you.
You were not hungry.

You visited 1 branch of the dungeon, and saw 5 of its levels.

You collected 208 gold pieces.

Inventory:

Hand weapons
 a - a +1,+1 spear (weapon)
Armour
 d - a +1 large shield (worn)
 e - a +0 chain mail (worn)
 t - a +0 cloak (worn)
Magical devices
 m - a wand of flame (2)
 z - a wand of random effects (17) {unknown}
Comestibles
 c - 3 meat rations
 f - 12 grapes
 k - a pear
 q - an apple
 u - a bread ration
 x - a lemon
Scrolls
 b - a scroll of fear
 l - a scroll of remove curse
 o - 2 scrolls of teleportation
 v - 2 scrolls of enchant weapon I
 y - 2 scrolls of identify
Jewellery
 i - a ring of protection from magic (right hand)
 n - a ring of sustenance (left hand)
 s - a +3 ring of intelligence
Potions
 g - a potion of lignification
 j - 2 potions of curing
 p - a potion of agility
 r - a potion of brilliance
 w - a potion of heal wounds {unknown}


   Skills:
 - Level 3.0 Fighting
 * Level 7.3 Polearms
 + Level 4.1 Armour
 - Level 1.5 Dodging


You had 6 spell levels left.
You didn't know any spells.

Dungeon Overview and Level Annotations

Branches:
Dungeon (5/15)             Temple (0/1) D:4

Altars:
Makhleb
Trog
Xom

Shops:
D:4 %

Annotations:
D:5 Natasha


Innate Abilities, Weirdness & Mutations

You cannot wear boots.
You can spit poison.
Your serpentine skin is tough (AC +2).
You have supernaturally acute eyesight.
Armour fits poorly on your strangely shaped body.
Your system is resistant to poisons.
You cover ground very slowly.


Message History

The ice beast hits you but does no damage.
You closely miss Natasha.
The crimson imp blinks!
Natasha mumbles some strange words.
You hit Natasha.
Natasha is lightly wounded.
The ice beast hits you.
* * * LOW HITPOINT WARNING * * *
The ice beast freezes you!
* * * LOW HITPOINT WARNING * * *
Your shield and chain mail prevent you from hitting Natasha.
Natasha is lightly wounded.
You block the white imp's attack.
Natasha stares at you and mumbles some strange words.
The magic dart hits you! You block the ice beast's attack.
You hit Natasha.
Natasha is severely wounded.
You block the white imp's attack. Natasha casts a spell at you.
The magic dart hits you!
You die...

..§....§..................#
§≈≈≈≈≈≈≈≈≈≈#####..........#
≈≈§§≈≈≈§≈≈≈# #..........#
≈§≈≈§§≈≈§≈≈# #..........#
§§≈§ §≈≈≈§≈# #..........#
≈§≈§ ≈≈≈≈≈# #..........#
≈§§≈ ≈§≈≈# #..........# ###
# #..........# #
#@h5.......# # #I5........#
#5.........# #..........#
...............|>.
.........!......
...............
...............
.............


You could see an ice beast, Natasha, 2 crimson imps and a white imp.

Vanquished Creatures
  An ice beast (D:5)
  An ogre (D:4)
  A centaur (D:4)
  A crimson imp (D:5)
  A gnoll shaman (D:4)
  A hound (D:3)
  Crazy Yiuf (D:3)
  A worker ant (D:4)
  Natasha (D:5)
  An iguana (D:5)
  Jessica (D:3)
  3 adders
  9 gnolls
  4 worms
  2 giant geckos
  3 orcs
  10 bats
  A bat skeleton (D:4)
  A bat zombie (D:5)
  7 giant cockroaches
  7 goblins
  10 hobgoblins
  4 jackals (D:4)
  8 kobolds
  A quokka (D:3)
  5 giant newts
  11 rats
97 creatures vanquished.

Notes
Turn   | Place    | Note
--------------------------------------------------------------
     0 | D:1      | weines, the Naga Berserker, began the quest for the Orb.
     0 | D:1      | Reached XP level 1. HP: 21/21 MP: 1/1
   285 | D:1      | Reached XP level 2. HP: 28/28 MP: 2/2
  1088 | D:2      | Reached XP level 3. HP: 30/34 MP: 3/3
  1094 | D:2      | Reached skill level 4 in Polearms
  1097 | D:2      | Acquired Trog's second power
  1527 | D:2      | Reached XP level 4. HP: 14/42 MP: 4/4
  2266 | D:3      | Reached XP level 5. HP: 26/49 MP: 5/5
  2286 | D:3      | Reached skill level 5 in Polearms
  2494 | D:3      | Found a burning altar of Makhleb.
  2518 | D:3      | Found a bloodstained altar of Trog.
  2519 | D:3      | Noticed Jessica
  2529 | D:3      | Killed Jessica
  2809 | D:3      | Noticed Crazy Yiuf
  2813 | D:3      | Killed Crazy Yiuf
  3020 | D:4      | Found a staircase to the Ecumenical Temple.
  3201 | D:4      | Found a shimmering altar of Xom.
  3207 | D:4      | Noticed a centaur
  3222 | D:4      | Killed a centaur
  3222 | D:4      | Reached XP level 6. HP: 22/56 MP: 6/6
  3571 | D:4      | Reached skill level 6 in Polearms
  3673 | D:4      | Noticed an ogre
  3686 | D:4      | Killed an ogre
  3686 | D:4      | Reached XP level 7. HP: 62/62 MP: 7/7
  3800 | D:4      | Found Sav Gohi's Food Shop.
  3933 | D:5      | Entered Level 5 of the Dungeon
  4016 | D:5      | Noticed Natasha
  4024 | D:5      | Killed Natasha
  4024 | D:5      | Acquired Trog's third power
  4024 | D:5      | Reached skill level 7 in Polearms
  4468 | D:5      | Noticed Natasha
  4488 | D:5      | HP: 2/62 [ice beast (11)]
  4490 | D:5      | Killed from afar by Natasha

Action                   |  1- 3 |  4- 6 |  7- 9 || total
-------------------------+-------+-------+-------++-------
Melee: Spear             |   110 |   273 |   173 ||   556
Invok: Berserk           |     1 |     3 |       ||     4
 Abil: Spit Poison       |       |     2 |     2 ||     4
  Use: Scroll            |     7 |     8 |     2 ||    17
       Potion            |       |     2 |     1 ||     3
